 Dungeon Crawl Stone Soup version 0.18-a0-1196-g09327cf (webtiles) character file.

28744 Arkorax the Fighter (level 13, -6/125 HPs)
             Began as a Grey Draconian Gladiator on Jan 30, 2016.
             Was an Initiate of Gozag.
             Mangled by Rupert
             ... wielding a +1 great mace of protection
              (21 damage)
             ... while paralysed by Rupert
             ... on level 5 of the Lair of Beasts.
             The game lasted 00:19:59 (12173 turns).

Arkorax the Fighter (Grey Draconian Gladiator)     Turns: 12173, Time: 00:20:00

Health: -6/125     AC: 16    Str: 30    XL:     13   Next: 11%
Magic:  13/13      EV:  2    Int:  9    God:    Gozag
Gold:   981        SH:  0    Dex: 14    Spells: 0 memorised, 12 levels left

rFire  + . .     SeeInvis .     D - +4 spear "Omaish" {pierce, rF+ Str+2}
rCold  + . .     Gourm    .     (armour unavailable)
rNeg   + + +     Faith    .     K - +1 buckler {reflect}
rPois  +         Spirit   .     b - +1 hat
rElec  .         Dismiss  .     (no cloak)
rCorr  .         Reflect  +     m - +0 pair of gloves
SustAt .         Harm     .     H - +0 pair of boots "Hero's Friend" {rN+++ Str+5 Dex-2}
MR     .....                    s - amulet of regeneration
Stlth  ++........               h - ring of poison resistance
                                j - +5 ring of strength

@: paralysed, not resistant to hostile enchantments, unstealthy
A: walk through water, unfitting armour, claws 1, cold resistance 1,
regeneration 1, unbreathing, cold-blooded, AC +13
a: Potion Petition, Call Merchant, Bribe Branch, Renounce Religion


You were on level 5 of the Lair of Beasts.
You worshipped Gozag.
Gozag was noncommittal.
You were not hungry.

You visited 3 branches of the dungeon, and saw 15 of its levels.

You collected 3218 gold pieces.
You spent 735 gold pieces at shops.
You paid 1502 gold pieces to Gozag.

Inventory:

Hand Weapons
 r - the +3 Elemental Staff {rElec rF++ rC++ MR++ AC+5}
   (You found it on level 4 of the Lair of Beasts)

   It affects your AC (+5).
   It greatly protects you from fire.
   It greatly protects you from cold.
   It insulates you from electricity.
   It affects your resistance to hostile enchantments.
 D - the +4 spear "Omaish" (weapon) {pierce, rF+ Str+2}
   (You bought it in a shop on level 1 of the Lair of Beasts)

   It inflicts extra damage upon your enemies.
   It affects your strength (+2).
   It protects you from fire.
Missiles
 l - 3 throwing nets (quivered)
 C - 8 tomahawks
Armour
 b - a +1 hat (worn)
 m - a +0 pair of gloves (worn)
 H - the +0 pair of boots "Hero's Friend" (worn) {rN+++ Str+5 Dex-2}
   (You found it on level 3 of the Lair of Beasts)

   It affects your strength (+5).
   It affects your dexterity (-2).
   It renders you almost immune to negative energy.
 K - a +1 buckler of reflection (worn)
Jewellery
 f - an uncursed ring of sustain attributes
 h - a ring of poison resistance (right hand)
 j - a +5 ring of strength (left hand)
 s - an amulet of regeneration (around neck)
 J - a +2 ring of evasion {unknown}
Wands
 v - a wand of slowing (18/48)
 w - a wand of heal wounds (2/9)
 y - a wand of lightning (0/15)
 F - a wand of polymorph (7/24)
 I - a wand of confusion (6/48)
Scrolls
 a - a scroll of vulnerability
 e - 6 scrolls of remove curse
 g - 2 scrolls of identify
 k - 3 scrolls of magic mapping
 n - 2 scrolls of teleportation
 p - a scroll of recharging
Potions
 o - 7 potions of curing
 u - 2 potions of flight
 z - 2 potions of resistance
 E - a potion of magic
 G - a potion of cancellation
Books
 i - a Grand Grimoire

   Spells                             Type                      Level
   a - Monstrous Menagerie            Summoning                    7
   b - Summon Greater Demon           Summoning                    7
   c - Malign Gateway                 Summoning/Translocation      7
   d - Summon Horrible Things         Summoning                    8
 x - a book of Beasts

   Spells                             Type                      Level
   a - Summon Butterflies             Summoning                    1
   b - Call Canine Familiar           Summoning                    3
   c - Summon Ice Beast               Ice/Summoning                4
   d - Summon Mana Viper              Hexes/Summoning              5
   e - Summon Hydra                   Summoning                    7
Comestibles
 c - 5 meat rations
 d - 7 bread rations
 q - 9 beef jerkies
 t - 18 fruits
 B - 2 slices of pizza


   Skills:
 * Level 14.9 Fighting
 - Level 13.7(13.8) Polearms
 * Level 1.5(9.3) Staves
 - Level 1.7 Throwing
 - Level 9.1 Dodging
 - Level 4.8 Shields
 + Level 0.6 Evocations


You had 12 spell levels left.
You didn't know any spells.

Dungeon Overview and Level Annotations

Branches:
Dungeon (9/15)             Temple (1/1) D:4            Lair (5/8) D:8
  Swamp (0/4) Lair:4
  Snake: Lair:3-6    Spider: Lair:3-6       Orc: D:9-12

Altars:
Ashenzari
Cheibriados
Dithmenos
Elyvilon
Fedhas
Gozag
Nemelex Xobeh
Okawaru
Qazlal
Ru
Sif Muna
Trog
Vehumet
Yredelemnul
Zin
The Shining One

Shops:
D:4 =   D:9 [   Lair:1 [(

Annotations:
D:9 Fv001's ghost, novice GrFi
Lair:5 Rupert


Innate Abilities, Weirdness & Mutations

You can walk through water.
Your dull iron-grey scales are very hard (AC +13).
Your body does not fit into most forms of armour.
You can survive without breathing.
You are cold-blooded and may be slowed by cold attacks.
You have sharp fingernails.
Your flesh is cold resistant.
Your natural rate of healing is unusually fast.


Message History

Rupert hits you with a great mace of protection!
You puncture Rupert!
Rupert is moderately wounded.
You hit Rupert but do no damage.
Rupert is moderately wounded.
You puncture Rupert!
Rupert is moderately wounded.
Rupert roars wildly at you.
You suddenly lose the ability to move!
Rupert roars madly and goes into a rage!
Rupert goes berserk!
Rupert hits you with a great mace of protection!
Rupert hits you with a great mace of protection!!
Rupert hits you with a great mace of protection!!
Rupert hits you but does no damage.
Rupert hits you with a great mace of protection!!!
* * * LOW HITPOINT WARNING * * *
Rupert hits you with a great mace of protection!!
You die...
Your body crumbles into a pile of gold.

###### ##### #.....#
##...##
.......###.....#
..?....P###...)#
........###....##
......@.)......P#
......$@.......##
...............#
...............##
..............#.#
..............###
...............P##
.................##
PP....###........P##
..#.........#


You could see Rupert (berserk).

Vanquished Creatures
  2 hydras
  6 death yaks
  The ghost of Quirk the Skirmisher, a novice GrFi of Okawaru (D:7)
  2 griffons
  4 black mambas
  A centaur zombie (D:9)
  6 elephants (Lair:2)
  6 spiny frogs
  2 komodo dragons
  2 fire drakes
  Grinder (D:3)
  4 blink frogs (Lair:1)
  21 yaks
  A basilisk (Lair:1)
  4 hippogriffs
  23 wolves
  19 swamp worms (Lair:4)
  13 water moccasins
  8 porcupines
  2 orc warriors
  An ice beast (D:6)
  2 sky beasts
  2 phantoms
  2 centaurs
  4 ogres
  6 crocodiles
  2 big kobolds (D:8)
  9 giant frogs
  A wyvern skeleton (D:7)
  8 killer bees
  2 electric eels
  5 crimson imps
  A giant frog zombie (D:9)
  4 hounds
  2 jellies
  An orc priest (D:6)
  3 iguanas
  Ijyb (D:3)
  Natasha (D:4)
  Terence (D:3)
  6 orc wizards
  8 worker ants
  4 sheep (Lair:4)
  A hound zombie (D:8)
  2 hound skeletons
  A worker ant zombie (D:9)
  4 gnolls (D:6)
  13 adders
  41 river rats
  2 shadow imps
  3 adder skeletons
  An adder zombie (D:4)
  11 worms
  A giant gecko (D:4)
  24 orcs
  A ball python (D:3)
  6 giant cockroaches
  4 goblins
  7 hobgoblins
  10 jackals
  2 quokkas
  11 bats
  A giant gecko skeleton (D:5)
  A giant gecko zombie (D:8)
  5 giant newts
  A jackal skeleton (D:6)
  21 kobolds
  6 rats
384 creatures vanquished.

Vanquished Creatures (others)
  6 fungi
  9 plants
15 creatures vanquished.

Grand Total: 399 creatures vanquished

Notes
Turn   | Place    | Note
--------------------------------------------------------------
     0 | D:1      | Arkorax the Draconian Gladiator began the quest for the Orb.
     0 | D:1      | Reached XP level 1. HP: 17/17 MP: 1/1
   303 | D:1      | Reached XP level 2. HP: 13/25 MP: 2/2
  1008 | D:2      | Reached XP level 3. HP: 24/30 MP: 3/3
  1692 | D:2      | Reached XP level 4. HP: 38/38 MP: 4/4
  1855 | D:3      | Noticed Terence
  1870 | D:3      | Killed Terence
  2001 | D:3      | Found a sparkling altar of Nemelex Xobeh.
  2185 | D:3      | Noticed an ogre
  2193 | D:3      | Killed an ogre
  2193 | D:3      | Reached skill level 4 in Fighting
  2193 | D:3      | Reached skill level 1 in Shields
  2193 | D:3      | Reached XP level 5. HP: 46/46 MP: 5/5
  2211 | D:3      | Noticed Ijyb
  2229 | D:3      | Killed Ijyb
  2262 | D:3      | Noticed a centaur
  2281 | D:3      | Killed a centaur
  2281 | D:3      | Reached XP level 6. HP: 19/53 MP: 6/6
  2452 | D:3      | Noticed Grinder
  2454 | D:3      | Paralysed by Grinder for 2 turns
  2464 | D:3      | Gained mutation: Your natural rate of healing is unusually fast. [potion of mutation]
  2464 | D:3      | Gained mutation: You have sharp fingernails. [potion of mutation]
  2464 | D:3      | Gained mutation: Your flesh is cold resistant. [potion of mutation]
  2469 | D:3      | Killed Grinder
  2469 | D:3      | Reached skill level 5 in Fighting
  2469 | D:3      | Reached skill level 5 in Polearms
  2618 | D:3      | Reached XP level 7. HP: 49/61 MP: 7/7
  2618 | D:3      | Your scales start taking on a dull iron-grey colour.
  2618 | D:3      | Gained mutation: You can survive without breathing. [Grey Draconian growth]
  2808 | D:4      | Found a staircase to the Ecumenical Temple.
  2820 | Temple   | Entered the Ecumenical Temple
  2842 | Temple   | Became a worshipper of Gozag Ym Sagoz the Greedy
  2865 | D:4      | Found Adwuyp's Jewellery Boutique.
  2908 | D:4      | Noticed Natasha
  2917 | D:4      | Killed Natasha
  2955 | D:4      | Found a stormy altar of Qazlal.
  3149 | D:4      | Found a glowing drain.
  3310 | D:5      | Entered Level 5 of the Dungeon
  3370 | D:5      | Reached skill level 6 in Fighting
  3431 | D:5      | Found a sacrificial altar of Ru.
  3434 | D:5      | Found a glowing silver altar of Zin.
  3437 | D:5      | Found a radiant altar of Vehumet.
  3440 | D:5      | Found a snail-covered altar of Cheibriados.
  3663 | D:5      | Found a white marble altar of Elyvilon.
  4178 | D:6      | Reached XP level 8. HP: 69/71 MP: 8/8
  4649 | D:5      | Reached skill level 7 in Fighting
  4698 | D:6      | Identified a scroll of acquirement
  4703 | D:6      | Got a jewelled arbalest
  4717 | D:6      | Found an iron altar of Okawaru.
  5129 | D:7      | Identified the +5 arbalest "Jolaoki" {venom, rC+ Dex+4} (You acquired it on level 6 of the Dungeon)
  5249 | D:7      | Noticed Quirk's ghost (novice GrFi)
  5275 | D:7      | Killed Quirk's ghost
  5275 | D:7      | Reached skill level 8 in Fighting
  5275 | D:7      | Reached XP level 9. HP: 45/81 MP: 9/9
  6153 | D:8      | Reached skill level 9 in Fighting
  6268 | D:8      | Got a scorched dagger
  6269 | D:8      | Identified the +6 dagger "Etuschoch" {pain, Fragile Str+5 Dex+4} (You found it on level 8 of the Dungeon)
  6343 | D:8      | Reached skill level 5 in Dodging
  6454 | D:8      | Found a staircase to the Lair.
  6796 | D:9      | Reached XP level 10. HP: 56/93 MP: 10/10
  6879 | D:9      | Found Edgheb's Antique Armour Shoppe.
  6950 | D:9      | Noticed Fv001's ghost (novice GrFi)
  7107 | Lair:1   | Entered Level 1 of the Lair of Beasts
  7117 | Lair:1   | Reached skill level 10 in Fighting
  7167 | Lair:1   | Bought the +4 spear "Omaish" {pierce, rF+ Str+2} for 555 gold pieces
  7344 | Lair:1   | Reached skill level 10 in Polearms
  7433 | Lair:1   | Noticed a spiny frog
  7462 | Lair:1   | Killed a spiny frog
  7552 | Lair:1   | Reached skill level 11 in Fighting
  7838 | Lair:1   | Reached XP level 11. HP: 92/102 MP: 11/11
  8562 | Lair:2   | Reached skill level 12 in Fighting
  8944 | Lair:2   | Noticed a seven-headed hydra
  8955 | Lair:2   | Killed a seven-headed hydra
  9234 | Lair:3   | Got a pair of crude boots
  9240 | Lair:3   | Identified the +0 pair of boots "Hero's Friend" {rN+++ Str+5 Dex-2} (You found it on level 3 of the Lair of Beasts)
  9307 | Lair:3   | Noticed a griffon
  9320 | Lair:3   | Killed a griffon
  9630 | Lair:3   | Reached skill level 13 in Fighting
  9807 | Lair:3   | Reached XP level 12. HP: 87/115 MP: 12/12
 10089 | Lair:1   | Bought a shiny buckler for 180 gold pieces
 10240 | Lair:4   | Noticed a four-headed hydra
 10265 | Lair:4   | Killed a four-headed hydra
 10590 | Lair:4   | Reached skill level 14 in Fighting
 10605 | Lair:4   | Noticed a death yak
 10605 | Lair:4   | Noticed a death yak
 10606 | Lair:4   | Noticed a death yak
 10607 | Lair:4   | Noticed a death yak
 10607 | Lair:4   | Noticed a death yak
 10608 | Lair:4   | Noticed a death yak
 10962 | Lair:4   | Killed a death yak
 10973 | Lair:4   | Killed a death yak
 11316 | Lair:3   | Killed a death yak
 11844 | Lair:4   | Killed a death yak
 11863 | Lair:4   | Killed a death yak
 11863 | Lair:4   | Reached XP level 13. HP: 56/125 MP: 13/13
 12053 | Lair:4   | Found a staircase to the Swamp.
 12099 | Lair:5   | Reached skill level 1 in Staves
 12148 | Lair:5   | Noticed Rupert
 12167 | Lair:5   | Paralysed by Rupert for 6 turns
 12173 | Lair:5   | Mangled by Rupert

Vault maps used:
D:1:      lemuel_arrival_tunnels
D:2:      minivault_24
D:3:      minmay_crystal_room, minmay_misc_feat_five, nemelex_altar_shiori,
          uniq_iyjb, uniq_terence, uniq_grinder
D:4:      nicolae_qazlal_general_emergency, minmay_temple_entry_butterflies,
          gup_sewer_entry_bubbles, serial_shops, shop, uniq_natasha
D:5:      elyvilon_altar_3, grunt_temple_overflow_cloverleaf, first_bread
D:6:      okawaru_trees_1, st_stairs_10
D:7:      grunt_ogre_cave
D:8:      lair_0_dummy
D:9:      basic_altar, serial_shops, nicolae_shop_statue_plus
Temple:   nicolae_temple_god_jail
Lair:1:   beast_lair_carwin_large_1
Lair:2:   minmay_stone_trees_small, nicolae_quartered_pool_little,
          serial_bayou_shore_a
Lair:3:   serial_bayou_shore_b
Lair:4:   nicolae_swamp_entry_splash_gauntlet, worms_lemuel, lemuel_fruit_tree
Lair:5:   grunt_megastairs_2, uniq_rupert

Action                   |  1- 3 |  4- 6 |  7- 9 | 10-12 | 13-15 || total
-------------------------+-------+-------+-------+-------+-------++-------
Melee: Trident           |   131 |    69 |   573 |    97 |       ||   870
       Spear             |       |       |       |  1104 |    72 ||  1176
Throw: Throwing net      |       |     3 |       |       |       ||     3
       Tomahawk          |       |       |     2 |       |       ||     2
Invok: Potion Petition   |       |       |     1 |       |       ||     1
       Call Merchant     |       |       |       |     2 |       ||     2
Evoke: Wand              |       |       |     2 |     2 |     1 ||     5
  Use: Potion            |     1 |     4 |     1 |     2 |       ||     8
       Scroll            |       |       |    13 |     9 |       ||    22
 Stab: Sleeping          |     2 |     2 |     4 |     3 |       ||    11
       Distracted        |     1 |     1 |     4 |     9 |       ||    15
       Held in net/web   |       |     1 |       |       |       ||     1
  Eat: Chunk             |     2 |     3 |     2 |       |       ||     7
       Bread ration      |       |       |     2 |     4 |       ||     6
       Meat ration       |       |       |     1 |       |       ||     1
